 Dungeon Crawl Stone Soup version 0.19.1-1-g22dce08 (webtiles) character file.

117 theRoog the Poker (level 4, -4/61 HPs)
             Began as a Minotaur Berserker on Dec 30, 2016.
             Was a Believer of Trog.
             Slain by w00t's ghost (6 damage)
             ... on level 3 of the Dungeon.
             The game lasted 00:04:08 (2005 turns).

theRoog the Poker (Minotaur Berserker)              Turns: 2005, Time: 00:04:09

Health: -4/61      AC:  3    Str: 28    XL:     4   Next: 71%
Magic:  3/3        EV: 12    Int:  4    God:    Trog [**....]
Gold:   147        SH:  0    Dex:  9    Spells: 0 memorised, 3 levels left

rFire  + . .     SeeInvis .     a - +1 spear
rCold  . . .     Gourm    .     d - +0 robe (curse)
rNeg   . . .     Faith    .     (no shield)
rPois  .         Spirit   .     (helmet restricted)
rElec  .         Reflect  .     (no cloak)
rCorr  .         Harm     .     f - +0 pair of gloves
MR     .....                    (no boots)
Stlth  ..........               (no amulet)
                                o - ring of protection from fire
                                e - ring of loudness (curse)

@: berserking, very quick
A: retaliatory headbutt, horns 2
a: Berserk, Trog's Hand, Burn Spellbooks, Renounce Religion


You were on level 3 of the Dungeon.
You worshipped Trog.
Trog was pleased with you.
You were near starving.

You visited 1 branch of the dungeon, and saw 3 of its levels.

You collected 147 gold pieces.

Inventory:

Hand Weapons
 a - a +1 spear (weapon)
Armour
 b - a +0 animal skin
 d - a cursed +0 robe (worn)
 f - a +0 pair of gloves (worn)
 l - a +0 ring mail
 t - a +0 leather armour
Jewellery
 e - a cursed ring of loudness (left hand)
 o - a ring of protection from fire (right hand)
 u - an uncursed ring of ice {unknown}
 w - a cursed ring of teleportation {unknown}
Wands
 k - a wand of slowing (11/48)
Scrolls
 m - 3 scrolls of identify
 p - a scroll of enchant armour {unknown}
 v - 2 scrolls of blinking {unknown}
Potions
 g - a potion of ambrosia {unknown}
 h - 2 potions of mutation {unknown}
 i - 3 potions of agility {unknown}
 j - a potion of heal wounds {unknown}
 n - a potion of berserk rage {unknown}
 r - 2 potions of degeneration {unknown}
 x - a potion of might {unknown}
Comestibles
 c - 5 bread rations
 q - a meat ration
 s - a beef jerky


   Skills:
 + Level 4.4 Fighting
 + Level 5.1 Polearms
 + Level 3.0 Armour
 + Level 2.8 Dodging
 + Level 1.0 Stealth


You had 3 spell levels left.
You didn't know any spells.

Dungeon Overview and Level Annotations

Branches:
Dungeon (3/15)

Altars:
Kikubaaqudgha
Vehumet

Annotations:
D:3 w00t's ghost, novice GrFi


Innate Abilities, Weirdness & Mutations

You reflexively headbutt those who attack you in melee.
You have a pair of horns on your head.


Message History

You are too injured to fight recklessly!
You are too injured to fight recklessly!
You are too injured to fight recklessly!
You are too injured to fight recklessly!
You are too injured to fight recklessly!
You are too injured to fight recklessly!
You are too injured to fight recklessly!
You are too injured to fight recklessly!
You are too injured to fight recklessly!
You are too injured to fight recklessly!
You are too injured to fight recklessly!
You are too injured to fight recklessly!
You are too injured to fight recklessly!
You are too injured to fight recklessly!
Unknown command.
A red film seems to cover your vision as you go berserk!
You feel yourself moving faster!
You feel mighty!
You are near starving!
W00t's ghost hits you.
You die...

#...# ... # ... #.... .#.#
.w# #g# #W# ########## #@#
#........# #.# #.######.#
#.# #.######.# #.#######
#.....##.# #.......#
#.(##.##.###.#####.#
#........##...####.########
##(##.####.....#..........#
#(##...<........#.######.#


You could see a worm, w00t's ghost and a goblin.

Vanquished Creatures
  2 adders (D:2)
  2 oozes
  A worm (D:2)
  4 dart slugs
  4 leopard geckos
  7 orcs (D:3)
  3 giant cockroaches
  7 goblins
  5 hobgoblins
  4 jackals
  9 kobolds
  3 quokkas
  3 bats
  4 frilled lizards
  9 rats
67 creatures vanquished.

Notes
Turn   | Place    | Note
-------+----------+-------------------------------------------
     0 | D:1      | theRoog the Minotaur Berserker began the quest for the Orb.
     0 | D:1      | Reached XP level 1. HP: 19/19 MP: 0/0
   132 | D:1      | Reached XP level 2. HP: 25/27 MP: 1/1
   376 | D:1      | Reached skill level 4 in Polearms
   776 | D:2      | Reached XP level 3. HP: 33/33 MP: 2/2
   867 | D:2      | Reached ** piety under Trog
  1114 | D:2      | Reached XP level 4. HP: 33/40 MP: 3/3
  1316 | D:2      | Found an ancient bone altar of Kikubaaqudgha.
  1715 | D:3      | Found a radiant altar of Vehumet.
  1721 | D:3      | Reached skill level 5 in Polearms
  1876 | D:3      | Reached skill level 1 in Stealth
  1989 | D:3      | Noticed w00t's ghost (novice GrFi)
  2003 | D:3      | HP: 1/41 [w00t's ghost (12)]
  2005 | D:3      | Slain by w00t's ghost

Skill      XL: |  1  2  3  4 |
---------------+-------------+-----
Fighting       | 4 |  4.4
Polearms       | 4 5 |  5.1
Armour         | 3 |  3.0
Stealth        | 1 |  1.0
Dodging        | |  2.8

Action                   |  1- 3 |  4- 6 || total
-------------------------+-------+-------++-------
Melee: Spear             |    85 |    81 ||   166
       Headbutt          |    12 |     9 ||    21
Invok: Berserk           |       |     1 ||     1
  Use: Scroll            |     3 |     2 ||     5
 Stab: Sleeping          |     3 |       ||     3
  Eat: Fruit             |       |     3 ||     3
Armor: Robe              |     8 |     5 ||    13
Dodge: Dodged            |    34 |    31 ||    65
